 Dungeon Crawl Stone Soup version 0.30.1-4-g462c640d31 (webtiles) character file.

Game seed: 12037492609288840067

31 growler the Trooper (level 3, 29/29 HPs)
             Began as a Demonspawn Gladiator on Aug 15, 2023.
             Quit the game on level 1 of the Dungeon.
             The game lasted 00:01:11 (739 turns).

growler the Trooper (Demonspawn Gladiator)           Turns: 739, Time: 00:01:11

Health: 29/29      AC:  4    Str: 14    XL:     3   Next: 7%
Magic:  3/3        EV: 12    Int: 11    God:
Gold:   39         SH:  0    Dex: 14    Spells: 2/2 levels left

rFire   . . .        a - +0 war axe
rCold   . . .        (no shield)
rNeg    . . .        b - +0 leather armour
rPois   .            c - +0 helmet
rElec   .            (no cloak)
rCorr   .            (no gloves)
SInv    .            (no boots)
Will    .....        (no amulet)
Stlth   +            (no ring)
HPRegen 0.24/turn    (no ring)
MPRegen 0.08/turn

%: no passive effects
@: no status effects
A: powered by pain 1, demonic touch 1
a: no special abilities


You were on level 1 of the Dungeon.
You visited 1 branch of the dungeon, and saw 2 of its levels.

You collected 39 gold pieces.

Inventory:

Hand Weapons
 a - a +0 war axe (weapon)
Missiles
 d - 3 throwing nets (quivered)
 e - a javelin
Armour
 b - a +0 leather armour (worn)
 c - a +0 helmet (worn)
Scrolls
 f - a scroll of poison {unknown}
 h - a scroll of teleportation {unknown}
 i - a scroll of noise {unknown}
Potions
 g - a potion of might {unknown}


   Skills:
 + Level 3.6 Fighting
 - Level 2.6 Axes
 - Level 1.7 Throwing
 - Level 2.6 Dodging


You had 2 spell levels left.
You didn't know any spells.
Your spell library was empty.

Dungeon Overview and Level Annotations

Branches:
Dungeon (2/15)

Altars:


Innate Abilities, Weirdness & Mutations

You sometimes gain a little power by taking damage.
Your touch may inflict minor irresistible damage on your foes.


Message History

No target in view!
No target in view!
Unknown command.
You now have 39 gold pieces (gained 11).
A rat comes into view.
An endoplasm comes into view.
You hit the rat. Your touch misses the rat.
The rat is heavily wounded.
The rat barely misses you. The rat closely misses you.
You hit the rat.
You kill the rat!
You have reached level 3!
Your experience leads to an increase in your attributes!
Increase (S)trength, (I)ntelligence, or (D)exterity?
You feel clever. x2; Your demonic ancestry asserts itself...
You feel energised by your suffering.
An endoplasm is nearby!
The endoplasm quivers.
You see here a rat corpse.
The endoplasm closely misses you.
You hit the endoplasm.
The endoplasm is almost dead.
The endoplasm hits you but does no damage.
You hit the endoplasm but do no damage.
You touch the endoplasm.
You kill the endoplasm!
No target in view!
i - a scroll labelled DEGRAARUIM A hobgoblin comes into view.
A hobgoblin is nearby!
The hobgoblin shouts!
A hobgoblin is nearby!
You closely miss the hobgoblin.
The hobgoblin hits you but does no damage.
You slash the hobgoblin!
You kill the hobgoblin!
No target in view!
Done exploring.
No target in view!
Done exploring.
Are you sure you want to abandon this character and quit the game? (Confirm with "yes".)

#.#### ###....###.#>...##.
#.# #<..#...#.####..##. #.#
##.###.#### #..##. #.# ##.#
#.# #..##. #.# #..# #.##
##..##. #.#
#.####..#####...##. #.#
#.###..#..##....##. #.#
#..##.####.#....##.
#.##############@....#
#.#...####
......#.....>.#.#.####
#.##.## ..###.#.############
#.##.# ........# #.#.# #....#
.##.#.### #.#.# ####)#
.##.#.# #.#.# #.# #.#.#.#
#######.#.# #.#
.##.#.####.........########.#
............................#


There were no monsters in sight!

Vanquished Creatures
  A ball python (D:1)
  An endoplasm (D:1)
  5 giant cockroaches
  A goblin (D:1)
  3 hobgoblins
  4 jackals (D:1)
  3 quokkas (D:1)
  2 bats (D:1)
  3 frilled lizards (D:1)
  A kobold (D:1)
  2 rats (D:1)
26 creatures vanquished.

Notes
Turn   | Place    | Note
-------+----------+-------------------------------------------
     0 | D:1      | growler the Demonspawn Gladiator began the quest for the
                  | Orb.
     0 | D:1      | Reached XP level 1. HP: 16/16 MP: 1/1
    53 | D:1      | You fall into a shaft and drop 1 floor!
    93 | D:2      | Gained mutation: Your touch may inflict minor irresistible
                  | damage on your foes. [demonic ancestry]
    93 | D:2      | Reached XP level 2. HP: 23/23 MP: 2/2
   248 | D:1      | Reached skill level 3 in Fighting
   554 | D:1      | Gained mutation: You sometimes gain a little power by
                  | taking damage. [demonic ancestry]
   554 | D:1      | Reached XP level 3. HP: 29/29 MP: 3/3
   739 | D:1      | Quit the game

Illustrated notes

Levels and vault maps discovered:
D:1:      dpeg_arrival_round_a, layout_loops_ring, st_stairs_11
D:2:      layout_basic, minmay_worlds_worst_comb

Skill      XL: |  1  2 |
---------------+-------+-----
Fighting       | 3 |  3.6
Axes           | |  2.6
Throwing       | |  1.7
Dodging        | |  2.6

Action                     || total
---------------------------++-------
  Melee: War axe           ||    54
         Touch             ||     3
 Armour: Leather armour    ||    29
  Dodge: Dodged            ||    49
